woodfighter, lawful female dwarven Priestess ------ |..... |....| |..<.| |.....### ## |....| # C ----.- ### @ # u ### # # # ### # # # #### ## ##+ ### woodfighter the Acolyte Experience level: 5 Strength: 11 Dexterity: 12 Constitution: 16 Intelligence: 17 Wisdom: 12 Charisma: 9 Health: 0(53) Energy: 26(26) Def: 11 Gold: 593 Moves: 4315 Dungeon seed: yxIK4D-tYEffwF6G Game ID: woodfighter_1553641282 Your Inventory: Coins $ - 593 gold pieces Weapons a - a blessed +1 mace (weapon in hand) Armor e - a blessed +0 robe (being worn) n - a +0 small shield (being worn) v - a +0 dwarvish cloak z - a +0 elven mithril-coat (being worn) N - a +0 orcish helm (being worn) Y - a +0 pair of iron shoes (being worn) Comestibles d - a sprig of wolfsbane s - a tripe ration E - 3 food rations L - a fortune cookie Scrolls x - a scroll of light F - a scroll of confuse monster G - a scroll of scare monster Spellbooks g - a spellbook of detect food h - a spellbook of healing i - a spellbook of protection j - a spellbook of light m - a spellbook of protection Potions b - 5 potions of holy water l - a potion of enlightenment p - a cursed potion of object detection t - a potion of unholy water C - a cursed potion of see invisible D - a potion of monster detection H - a potion of extra healing Rings k - a cursed -3 ring of protection Wands f - a wand of cancellation (0:1) A - a wand of enlightenment (0:15) K - a wand of striking (0:0) Tools o - an oil lamp (0:1162) u - a magic marker (0:99) w - a magic whistle y - a skeleton key Gems q - a worthless piece of white glass Spells and supernatural/magical abilities: Name Level Category Fail Memory h - healing 1 healing 69% 79% p - protection 1 clerical 86% 79% E - detect food 2 divination 100% 79% W - pray for help -- divine ? -- X - turn undead -- divine ? -- Your skills at the end: Miscellaneous Skills shield [Basic] wands [Basic] Weapon Skills pick-axe [Basic] mace [Basic] Spellcasting Skills clerical spells [Basic] Final Attributes: You were fervently aligned. You had infravision. You are dead. Vanquished creatures: a ghost a leprechaun a piranha 2 Uruk-hai a giant ant a floating eye 2 kittens 3 jitterbugs 4 coyotes a hobbit an acid blob 4 geckos a hobgoblin a giant rat 6 cave spiders a brown mold a green mold 3 manes 8 jackals a fox a kobold 5 newts 2 goblins 5 sewer rats 3 grid bugs 3 lichens a kobold zombie 64 creatures vanquished. Voluntary challenges: You did not adorn yourself with jewelry or accessories. You did not cause conflict. You were not invisible. You did not have reflection. You were not displaced. You used a wielded weapon 88 times, starting on turn 89. You did not apply a unicorn horn. You did not use plumbed fixtures. You did not drink any magical draughts. You read items or engraved 1 time, starting on turn 3167. You never genocided any monsters. You never polymorphed an object. You never changed form. You used no wishes. You never split a pudding. You never wrote Elbereth's name. You never violated your personal moral code. Dungeon overview: The Dungeons of Doom: levels 1 to 8 Level 1 (box) some fountains a long staircase Level 2 (water) Level 3 (water) a hardware shop, a fountain stairs to The Gnomish Mines Level 4 (eye + vault) a fountain Level 5 (eye) a delicatessen Level 6 (water) Level 7 (water) a fountain Level 8 <- You were here The Gnomish Mines: Level 4 stairs to The Dungeons of Doom History has recorded: On T:1 you entered the Dungeons of Doom to retrieve the Amulet of Yendor! On T:447 you reached level 2 of The Dungeons of Doom. On T:768 you advanced to experience level 2. On T:943 you reached level 3 of The Dungeons of Doom. On T:1038 you reached level 1 of The Gnomish Mines. On T:1262 you reached level 4 of The Dungeons of Doom. On T:1553 you advanced to experience level 3. On T:1592 you prayed to Tyr. On T:1821 you reached level 5 of The Dungeons of Doom. On T:2460 you advanced to experience level 4. On T:2711 you reached level 6 of The Dungeons of Doom. On T:3155 you reached level 7 of The Dungeons of Doom. On T:3725 you reached level 8 of The Dungeons of Doom. On T:4050 you advanced to experience level 5. Score breakdown: Gold: 593 ( 59 points) Experience: 5 levels ( 400 points) Exploration: 8 levels ( 210 points) Discoveries: 22 items ( 1100 points) Variety of kills: 27 monsters ( 1350 points) Major goal: (nothing yet) ( 0 points) Survival: died (score multiplied by 3) Total score: 9357 Latest messages: You hit something. You hear water falling on coins. You miss it. Something touches you! You are beginning to feel hungry. You destroy it! You attack thin air. The plains centaur drinks a sky blue potion! The plains centaur is suddenly moving faster. You stop exploring. The plains centaur wields a runed short sword! The plains centaur kicks! You hit the plains centaur. The plains centaur thrusts her runed short sword at you. The plains centaur misses. (2x) The plains centaur thrusts her runed short sword at you. The plains centaur stabs you! The plains centaur misses. You displace kitty. You hear some noises. Kitty is killed! The plains centaur thrusts her runed short sword at you. The plains centaur stabs you! The plains centaur kicks! The plains centaur thrusts her runed short sword at you. The plains centaur stabs you! You die... Final status: Goodbye woodfighter the Priestess, killed by a plains centaur... You died in The Dungeons of Doom on dungeon level 8 with 9357 points, and 593 pieces of gold, after 4315 moves. You were level 5 with a maximum of 53 hit points when you died.